 Dungeon Crawl Stone Soup version 0.23.1-42-g8abd8fc (console) character file.

Game seed: 12331930474206147586

3238 jt the Carver (level 9, -2/58 HPs)
             Began as an Octopode Fighter on Mar 30, 2019.
             Was a Follower of Uskayaw.
             Killed by divine providence
             ... invoked by an orc priest
              (10 damage)
             ... on level 6 of the Dungeon.
             The game lasted 00:22:50 (6523 turns).

jt the Carver (Octopode Fighter)                    Turns: 6523, Time: 00:22:51

Health: -2/58      AC:  1    Str: 18    XL:     9   Next: 99%
Magic:  22/22      EV: 13    Int: 10    God:    Uskayaw [*.....]
Gold:   362        SH: 12    Dex: 12    Spells: 8/8 levels left

rFire    . . .     SeeInvis .   a - +4 scimitar (flame)
rCold    . . .     Gourm    .   b - +2 shield
rNeg     . . .     Faith    .   (helmet restricted)
rPois    .         Spirit   .   (no amulet)
rElec    .         Reflect  .   M - ring of magical power
rCorr    .         Harm     .   (no ring)
MR       .....                  (no ring)
Stlth    ++........             (no ring)
HPRegen  0.19/turn              (no ring)
MPRegen  0.18/turn              (no ring)
                                (no ring)
                                (no ring)

@: no status effects
A: almost no armour, stealthy swim, amphibious, 8 rings, constrict 8, camouflage
1, gelatinous body 1
a: Stomp, Renounce Religion


You were on level 6 of the Dungeon.
You worshipped Uskayaw.
Uskayaw was noncommittal.
You were not hungry.

You visited 1 branch of the dungeon, and saw 8 of its levels.
You also visited: Sewer and Bailey.

You collected 362 gold pieces.

Inventory:

Hand Weapons
 a - a +4 scimitar of flaming (weapon)
 c - a +2 long sword
 f - a +0 blowgun
 i - a +4 hand axe
 k - a +1 dagger of venom
 l - a +0 hunting sling
 u - a +0 short sword of speed
 y - a +0 hand crossbow
 A - a +3 war axe
 B - a +0 battleaxe
 C - a +1 flail of venom
 D - a +0 hand axe
 E - a +0 broad axe
 L - a +1 whip of electrocution
Missiles
 g - 182 stones
 h - 172 arrows
 j - 23 poisoned needles
 r - 50 tomahawks of returning (quivered)
 s - 5 javelins
 w - 6 sling bullets
 z - 108 bolts
Armour
 b - a +2 shield (worn)
 G - a +0 large shield
Magical Staves
 N - an uncursed staff of earth {unknown}
Jewellery
 M - a ring of magical power (left tentacle)
Wands
 J - a wand of clouds (3)
Scrolls
 m - 2 scrolls of identify
 v - 2 scrolls of teleportation
 H - a scroll of enchant armour
Potions
 e - 3 potions of curing {unknown}
 n - a potion of ambrosia
 o - a potion of flight
 p - 2 potions of brilliance {unknown}
 q - 3 potions of agility
 t - a potion of mutation {unknown}
 F - a potion of might
 I - a potion of degeneration {unknown}
 K - 2 potions of lignification
Comestibles
 d - 9 rations


   Skills:
 - Level 4.1 Fighting
 * Level 9.5 Long Blades
 - Level 2.4 Throwing
 - Level 4.0 Dodging
 + Level 7.2 Shields
 - Level 2.3 Unarmed Combat
 - Level 5.6 Invocations
 + Level 0.5 Evocations


You had 8 spell levels left.
You didn't know any spells.
Your spell library contained the following spells:

 Spells                   Type           Power        Failure   Level  Hunger
 Shock                    Conj/Air       #...         71%         1    ##.....
 Swiftness                Chrm/Air       #.......     83%         2    ###....
 Static Discharge         Conj/Air       #.......     97%         3    ####...
 Airstrike                Air            #.........   100%        4    #####..
 Lightning Bolt           Conj/Air       #.........   100%        5    ######.


Dungeon Overview and Level Annotations

Branches:
Dungeon (8/15)
 Temple: D:4-7         Lair: D:8-11

Altars:
Gozag
Trog
Uskayaw
The Shining One

Shops:
D:7 %

Annotations:
D:4 exclusion: ogre


Innate Abilities, Weirdness & Mutations

You cannot wear most types of armour.
You are very stealthy in the water. (Stealth+)
You are amphibious.
You can wear up to eight rings at the same time.
You can use your tentacles to constrict eight enemies at once.
Your skin changes colour to match your surroundings (Stealth+).
Your rubbery body absorbs attacks. (AC +1, EV +1)


Message History

Beogh smites you!
The orc priest looks satisfied for a moment.
The orc priest looks braver for a moment.
Press: ? - help, v - describe, . - travel
Here: an orc warrior, wielding a +0 glaive and wearing a +0 chain mail of cold resistance The floor.
You slash the orc! You burn the orc.
You kill the orc!
The orc warrior hits you from afar with a +0 glaive!!
* * * LOW HITPOINT WARNING * * *
You feel much better.
The orc warrior hits you from afar with a +0 glaive!!
You see here a rapier.
The orc priest mumbles some strange prayers to Beogh against you.
Beogh smites you!
* * * LOW HITPOINT WARNING * * *
There is an open door here.
The orc priest mumbles some strange prayers to Beogh against you.
Beogh smites you!
You die...

..# #.......# #.# #.......#
######## #># #..[..... #......#
#.# #.......# #......# #.#
#.......# #......#
#[######....[..# #......#
#[##...........#
####......########.##........##.#
..##......'.o...@............##.#
..##.....o####........#########.#
..####...## #........# #.# .##
###.# #........# ####.# .# #.#
#........# #..... .# #)#
#........# #..... .# #.#
########## #..... .#######o#
#..... ..oo.o..o# #.....


You could see an orc warrior and an orc priest.

Vanquished Creatures
  Erica (D:8)
  Pikel (D:6)
  An orc knight (Bailey)
  A water moccasin (D:7)
  3 orc warriors (Bailey)
  A black bear (D:6)
  2 slaves
  A phantom (D:4)
  2 centaurs (D:7)
  2 big kobolds
  A bullfrog (D:6)
  A crimson imp (D:7)
  A bullfrog zombie (D:7)
  4 orc wizards
  Jessica (D:2)
  3 bullfrog skeletons
  5 worker ants
  5 adders
  11 gnolls
  A howler monkey skeleton (D:8)
  A river rat (Sewer)
  2 shadow imps (D:6)
  2 oozes
  An adder skeleton (D:7)
  An adder zombie (D:8)
  3 worms (D:3)
  2 dart slugs
  5 leopard geckos
  24 orcs
  2 ball pythons
  7 giant cockroaches
  14 goblins
  13 hobgoblins
  10 jackals
  31 kobolds
  2 quokkas
  10 bats
  7 frilled lizards
  A jackal skeleton (D:4)
  6 rats
192 creatures vanquished.

Vanquished Creatures (others)
  2 slaves (D:6)
  A bullfrog skeleton (D:6)
  An orc (D:6)
4 creatures vanquished.

Grand Total: 196 creatures vanquished

Notes
Turn   | Place    | Note
-------+----------+-------------------------------------------
     0 | D:1      | jt the Octopode Fighter began the quest for the Orb.
     0 | D:1      | Reached XP level 1. HP: 16/16 MP: 1/1
   258 | D:1      | Reached XP level 2. HP: 21/21 MP: 2/2
   768 | D:1      | Reached XP level 3. HP: 26/26 MP: 3/3
   882 | D:2      | Reached skill level 3 in Long Blades
  1066 | D:2      | Noticed Jessica
  1074 | D:2      | Killed Jessica
  1074 | D:2      | Reached XP level 4. HP: 18/31 MP: 4/4
  1419 | D:3      | Found a hide-covered altar of Uskayaw.
  1419 | D:3      | Noticed a +0 dagger
  1428 | D:3      | Noticed a +0 dagger
  1439 | D:3      | Became a worshipper of Uskayaw the Reveler
  1473 | D:3      | Reached * piety under Uskayaw
  1560 | D:3      | Found a bloodstained altar of Trog.
  1665 | D:3      | Reached ** piety under Uskayaw
  1666 | D:3      | Reached skill level 1 in Unarmed Combat
  1815 | D:3      | Reached XP level 5. HP: 36/36 MP: 5/5
  1824 | D:3      | Reached *** piety under Uskayaw
  2072 | D:3      | Found a glowing drain.
  2081 | Sewer    | Entered a sewer
  2205 | Sewer    | Noticed a big kobold
  2219 | Sewer    | Killed a big kobold
  2219 | Sewer    | Reached skill level 4 in Long Blades
  2219 | Sewer    | Reached XP level 6. HP: 26/43 MP: 6/6
  2355 | Sewer    | Found a white marble altar of Elyvilon.
  3160 | D:4      | Noticed a phantom
  3199 | D:4      | Killed a phantom
  3199 | D:4      | Reached XP level 7. HP: 38/48 MP: 2/7
  3341 | D:4      | Found a glowing golden altar of the Shining One.
  3392 | D:4      | Reached skill level 5 in Long Blades
  3460 | D:5      | Entered Level 5 of the Dungeon
  3549 | D:5      | Reached **** piety under Uskayaw
  3550 | D:5      | Reached ***** piety under Uskayaw
  3552 | D:5      | You fall through a shaft for 2 floors!
  3653 | D:7      | Found a flagged portal.
  3667 | Bailey   | Entered a bailey
  4363 | Bailey   | Reached skill level 1 in Invocations
  4653 | Bailey   | Noticed an orc knight
  4739 | Bailey   | Reached skill level 6 in Long Blades
  4741 | Bailey   | Reached XP level 8. HP: 54/54 MP: 9/9
  4761 | Bailey   | Reached skill level 5 in Shields
  4841 | Bailey   | Killed an orc knight
  4958 | Bailey   | Reached skill level 7 in Long Blades
  5294 | D:8      | Reached XP level 9. HP: 58/58 MP: 11/11
  5319 | D:8      | Noticed a two-headed ogre
  5384 | D:8      | Noticed Erica
  5396 | D:8      | Killed Erica
  5396 | D:8      | Reached skill level 8 in Long Blades
  5802 | D:7      | Found Zikucsig's Food Emporium.
  5869 | D:7      | Reached skill level 5 in Invocations
  5978 | D:6      | Noticed Pikel
  6059 | D:6      | Reached skill level 9 in Long Blades
  6061 | D:6      | Killed Pikel
  6467 | D:6      | Found an opulent altar of Gozag.
  6523 | D:6      | Killed from afar by an orc priest

Skill      XL: |  1  2  3  4  5  6  7  8  9 |
---------------+----------------------------+-----
Long Blades    | 3 4 6 7 9 |  9.5
Unarmed Combat | 1 2 |  2.3
Shields        | 4 5 7 |  7.2
Fighting       | 4 |  4.1
Dodging        | 4 |  4.0
Invocations    | 1 3 5 |  5.6
Throwing       | 2 |  2.4
Evocations     | |  0.5

Action                   |  1- 3 |  4- 6 |  7- 9 || total
-------------------------+-------+-------+-------++-------
Melee: Long sword        |    11 |    14 |    85 ||   110
       Constrict         |    17 |    44 |    48 ||   109
       Dagger            |    33 |   119 |    14 ||   166
       Tentacles         |     7 |    38 |    40 ||    85
       Punch             |       |     3 |     8 ||    11
       Scimitar          |       |       |    58 ||    58
 Fire: Hand crossbow     |       |       |    74 ||    74
       Blowgun           |       |       |     8 ||     8
Throw: Javelin           |       |     1 |     5 ||     6
       Tomahawk          |       |       |    64 ||    64
       Stone             |       |       |     1 ||     1
Invok: Line Pass         |       |     1 |     2 ||     3
  Use: Potion            |     1 |     2 |     6 ||     9
       Scroll            |       |     7 |     3 ||    10
 Stab: Sleeping          |     9 |    11 |     6 ||    26
       Paralysed         |       |     1 |     4 ||     5
  Eat: Chunk             |       |     7 |     6 ||    13
       Ration            |       |       |     2 ||     2
Armor: Skin              |     1 |     6 |     8 ||    15
Dodge: Dodged            |    12 |    53 |    96 ||   161
Block: Shield            |    21 |    42 |   136 ||   199
       Rpst.: Long sword |     2 |     2 |    16 ||    20
       Scimitar          |       |       |     4 ||     4
